 Dungeon Crawl Stone Soup version 0.30.1-11-g7821555f0a (webtiles) character file.

Game seed: 9486127122559655947

175794 jfcaron the Fetichist (level 18, -29/143 HPs)
             Began as a Gnoll Brigand on Nov 4, 2023.
             Was an Initiate of Gozag.
             Killed by an exploding emperor scorpion (43 damage)
             ... ignited by their inner flame
             ... on level 4 of the Spider Nest.
             The game lasted 02:03:45 (39385 turns).

jfcaron the Fetichist (Gnoll Brigand)              Turns: 39385, Time: 02:03:45

Health: -29/143    AC: 29    Str: 21      XL:     18   Next: 11%
Magic:  26/34      EV: 13    Int: 12      God:    Gozag
Gold:   5886       SH: 18    Dex: 10 (11) Spells: 7/42 levels left

rFire   . . .        a - +8 trident "Funal" {freeze, rCorr}
rCold   + + +        J - +2 kite shield
rNeg    + . .        q - +0 pearl dragon scales of the Lost Knives {Rampage rN+ rCorr Str+3}
rPois   +            n - +2 helmet
rElec   .            w - +1 cloak {rC+}
rCorr   +            U - +0 pair of gloves
SInv    .            t - +1 pair of boots
Will    +....        B - amulet of Fatigue {Reflect rPois rC+++ Str+2 Dex-4 SH+5}
Stlth   ++++         h - ring of the Mage {Wiz Archmagi}
HPRegen 0.43/turn    g - +4 ring of protection
MPRegen 0.24/turn

%: reflection, rampage, wizardry (x1), archmagi
@: gold aura, studying 2 skills
A: fangs 1, strong nose, distributed training
a: Renounce Religion, Potion Petition, Call Merchant, Bribe Branch


You were on level 4 of the Spider Nest.
You worshipped Gozag.
Gozag was greatly pleased with you.
You visited 4 branches of the dungeon, and saw 26 of its levels.
You also visited: Ossuary, Gauntlet and Ice Cave.

You collected 12779 gold pieces.
You spent 6789 gold pieces at shops.
You paid 104 gold pieces to Gozag.

Inventory:

Hand Weapons
 a - the +8 trident "Funal" (weapon) {freeze, rCorr}
   (You bought it in a shop on level 2 of the Orcish Mines)

   rCorr:     It protects you from acid and corrosion.
 Q - the +8 war axe "Ebres" {heavy, rF+ rN+ Str+2 Int-2}
   (You found it on level 5 of the Lair of Beasts)

   Str:       It affects your strength (+2).
   Int:       It affects your intelligence (-2).
   rF:        It protects you from fire.
   rN:        It protects you from negative energy.
Missiles
 c - a throwing net {!f}
 d - 3 atropa-tipped darts {!f}
 e - 7 curare-tipped darts {!f}
 s - 5 datura-tipped darts {!f}
 v - 3 silver javelins {!f}
 z - 12 javelins
 L - 6 boomerangs of dispersal {!f}
 V - 3 silver boomerangs (quivered)
Armour
 n - a +2 helmet (worn)
 q - the +0 pearl dragon scales of the Lost Knives (worn) {Rampage rN+ rCorr Str+3}
   (You took it off Rupert on level 5 of the Lair of Beasts)

   Str:       It affects your strength (+3).
   rN:        It protects you from negative energy.
   rCorr:     It protects you from acid and corrosion.
   Rampage:   It bestows one free step when moving towards enemies.
 t - a +1 pair of boots (worn)
 w - a +1 cloak of cold resistance (worn)
   (You found it in an ice cave)
 J - a +2 kite shield (worn)
 U - a +0 pair of gloves (worn)
Jewellery
 g - a +4 ring of protection (right hand)
   (You found it on level 4 of the Dungeon)
 h - the ring of the Mage (left hand) {Wiz Archmagi}
   (You found it in a Gauntlet)

   [ring of wizardry]

   It improves your spell success rate.
   Archmagi:  It increases the power of your magical spells.
 B - the amulet of Fatigue (around neck) {Reflect rPois rC+++ Str+2 Dex-4 SH+5}
   (You found it on level 13 of the Dungeon)

   [amulet of reflection]

   It reflects blocked missile attacks.
   Str:       It affects your strength (+2).
   Dex:       It affects your dexterity (-4).
   rC:        It renders you almost immune to cold.
   rPois:     It protects you from poison.
   SH:        It affects your SH (+5).
 T - a ring of fire
   (You found it on level 2 of the Lair of Beasts)
Wands
 b - a wand of digging (2)
 u - a wand of polymorph (8)
 I - a wand of quicksilver (22)
   (You found it on level 6 of the Dungeon)
 M - a wand of charming (16)
   (You found it on level 7 of the Dungeon)
 X - a wand of iceblast (35)
   (You found it on level 10 of the Dungeon)
 Z - a wand of mindburst (8)
Scrolls
 r - a scroll of magic mapping
 y - 3 scrolls of fear
 A - 7 scrolls of poison
 E - 3 scrolls of immolation
 K - a scroll of vulnerability
 N - 6 scrolls of blinking
 O - 20 scrolls of teleportation
 W - 8 scrolls of fog
 Y - 2 scrolls of silence
Potions
 f - 15 potions of curing
 i - 2 potions of flight
 j - 8 potions of brilliance
 l - 3 potions of cancellation
 m - 2 potions of magic
 o - 10 potions of heal wounds
 p - 2 potions of might
 C - 2 potions of invisibility
 D - 7 potions of haste
 F - 2 potions of resistance
 G - 2 potions of ambrosia
 H - 7 potions of lignification
 R - 4 potions of berserk rage
 S - 8 potions of attraction
Miscellaneous
 k - a lightning rod (inert)
   (You bought it in a shop on level 11 of the Dungeon)
 x - a tin of tremorstones (1/2)
   (You found it on level 12 of the Dungeon)
 P - a phantom mirror
   (You found it on level 14 of the Dungeon)


   Skills:
 + Level 13.3 Fighting
 + Level 13.3 Short Blades
 + Level 12.5 Long Blades
 + Level 12.5 Axes
 + Level 12.5 Maces & Flails
 + Level 12.5 Polearms
 + Level 12.5 Staves
 + Level 12.5 Ranged Weapons
 + Level 13.3 Throwing
 + Level 12.5 Armour
 + Level 12.8 Dodging
 + Level 14.6 Stealth
 + Level 12.5 Shields
 + Level 12.5 Unarmed Combat
 + Level 12.5 Spellcasting
 + Level 12.9 Conjurations
 + Level 10.6 Hexes
 + Level 10.6 Summonings
 + Level 10.6 Necromancy
 + Level 10.6 Translocations
 + Level 10.6 Transmutations
 + Level 10.6 Fire Magic
 + Level 10.6 Ice Magic
 + Level 10.6 Air Magic
 + Level 10.6 Earth Magic
 + Level 10.6 Poison Magic
 + Level 13.6 Invocations
 + Level 16.0 Evocations


You had 7 spell levels left.
You knew the following spells:

 Your Spells              Type           Power      Damage    Failure   Level
a - Summon Small Mammal   Summ           100%       N/A       1%          1
b - Apportation           Tloc           98%        N/A       1%          1
c - Call Canine Familiar  Summ           49%        N/A       1%          3
d - Summon Guardian Gole  Hex/Summ       49%        N/A       1%          3
e - Passwall              Tmut/Erth      40%        N/A       1%          2
f - Swiftness             Air            49%        N/A       1%          3
g - Dispel Undead         Necr           49%        3d18      1%          4
h - Freezing Cloud        Conj/Ice/Air   25%        6-21      4%          5
i - Summon Forest         Summ/Tloc      24%        N/A       6%          5
j - Summon Mana Viper     Hex/Summ       49%        N/A       6%          5
k - Tukima's Dance        Hex            49%        N/A       1%          3

Your spell library contained the following spells:

 Spells                   Type           Power      Damage    Failure   Level
 Kiss of Death            Conj/Necr      100%       2d13      1%          1
 Necrotise                Necr           100%       1d9       1%          1
 Sandblast                Erth           98%        2d20      1%          1
 Shock                    Conj/Air       100%       1d9       1%          1
 Sting                    Tmut/Pois      100%       1d8       1%          1
 Cigotuvi's Dreadful Rot  Necr/Pois/Air  98%        N/A       1%          2
 Ensorcelled Hibernation  Hex/Ice        98%        N/A       1%          2
 Lesser Beckoning         Tloc           98%        N/A       1%          2
 Momentum Strike          Conj/Tloc      100%       3d10      1%          2
 Poisonous Vapours        Pois/Air       98%        N/A       1%          2
 Confusing Touch          Hex            49%        N/A       1%          3
 Gell's Gravitas          Tloc           49%        N/A       1%          3
 Ignite Poison            Fire/Tmut/Pois 49%        N/A       1%          3
 Inner Flame              Hex/Fire       49%        N/A       1%          3
 Mephitic Cloud           Conj/Pois/Air  51%        N/A       1%          3
 Stone Arrow              Conj/Erth      100%       3d13      1%          3
 Teleport Other           Tloc           49%        N/A       1%          3
 Volatile Blastmotes      Fire/Tloc      98%        2d18      1%          3
 Airstrike                Air            24%        2d(4-20)  1%          4
 Flame Wave               Conj/Fire      52%        2d13      1%          4
 Fulminant Prism          Conj/Hex       26%        3d14      1%          4
 Iskenderun's Mystic Bla  Conj/Tloc      52%        2d11      1%          4
 Leda's Liquefaction      Hex/Erth       24%        N/A       1%          4
 Olgreb's Toxic Radiance  Pois           49%        N/A       1%          4
 Passage of Golubria      Tloc           49%        N/A       1%          4
 Sticky Flame             Conj/Fire      52%        2d7       1%          4
 Irradiate                Conj/Tmut      26%        3d20      3%          5
 Alistair's Intoxication  Tmut/Pois      32%        N/A       6%          5
 Blade Hands              Tmut           24%        N/A       6%          5
 Lee's Rapid Deconstruct  Erth           24%        3d13*     6%          5
 Yara's Violent Unravell  Hex/Tmut       24%        3d11      6%          5
 Eringya's Noxious Bog    Tmut/Pois      24%        N/A       30%         6
 Summon Cactus Giant      Summ           24%        N/A       30%         6
 Spellforged Servitor     Conj/Summ      26%        N/A       69%         7
 Dragon Form              Tmut           24%        N/A       83%         7
 Haunt                    Necr/Summ      24%        N/A       83%         7
 Summon Hydra             Summ           24%        N/A       83%         7
 Borgnjor's Revivificati  Necr           24%        N/A       100%        8
 Infestation              Necr           24%        N/A       100%        8
 Necromutation            Tmut/Necr      24%        N/A       100%        8
 Death's Door             Necr           24%        N/A       100%        9
 Animate Dead             Necr           Unusable   N/A       N/A         4

Dungeon Overview and Level Annotations

Branches:
Dungeon (15/15)            Temple (0/1) D:7            Lair (5/5) D:11
  Swamp (0/4) Lair:2       Spider (4/4) Lair:2        Slime (0/5) Lair:5
    Orc (2/2) D:12            Elf (0/3) Orc:2        Vaults (0/5) D:14
 Depths (0/4) D:15        Ossuary (visited)           IceCv (visited)
Gauntlet (visited)

Altars:
Ashenzari
Fedhas
Gozag
Sif Muna
Uskayaw
Wu Jian
Xom
Jiyva

Shops:
D:11 *   Orc:2 (?*!*

Portals:
Abyss: D:13

Annotations:
D:13 2 transporters, Loabri's ghost, journeyman MeFi
Spider:1 1 runed translucent door, SirLogeyBear's ghost, adept HOBe


Innate Abilities, Weirdness & Mutations

You have very sharp teeth.
Your uncanny sense of smell can sniff out nearby items.
Your experience applies equally to all skills.


Message History

The thunderbolt hits the emperor scorpion!!
Flame seeps out of the emperor scorpion.
The emperor scorpion is severely wounded.
The thunderbolt hits the emperor scorpion!!!
You hear a splash. x3
The lightning rod overheats!
The emperor scorpion explodes!
The fiery explosion engulfs the emperor scorpion!!
Flame seeps out of the emperor scorpion.
The emperor scorpion is almost dead.
The fiery explosion engulfs you!!!
The fiery explosion engulfs the emperor scorpion!!
Flame seeps out of the emperor scorpion.
The emperor scorpion is severely wounded.
The emperor scorpion is engulfed in blazing flames.
Flame seeps out of the emperor scorpion.
The hornet is engulfed in blazing flames.
The emperor scorpion is engulfed in blazing flames.
Flame seeps out of the emperor scorpion.
The emperor scorpion stings you!
You block the emperor scorpion's attack.
The emperor scorpion claws you but does no damage.
The hornet is distracted by your dazzling golden aura.
Your Evocations skill increases to level 16!
The emperor scorpion attacks as you move away!
The emperor scorpion closely misses you.
The emperor scorpion barely misses you.
You block the emperor scorpion's attack.
The hornet is engulfed in blazing flames.
You kill the hornet!
The emperor scorpion is engulfed in blazing flames.
You hear a splash. x2
The emperor scorpion explodes!
The fiery explosion engulfs the emperor scorpion!!!
The fiery explosion engulfs you!!
* * * LOW HITPOINT WARNING * * *
The emperor scorpion explodes!
The fiery explosion engulfs you!!!
You die...
Your body crumbles into a pile of gold.

##~~..## #.$! !!∆ ####~.~#
#####..^### ..##y ##~.~##
.####~...~## #§§# ##~.^##
..^~##~...~# #§.## #~..~#
^.~~~~~~...#####○§§# ##....###
####~~~#~..~#~~##§☼###~...##.##
######^~....##§§##~.$.~~~^.##
###$~$$$§§§§$.$~#~~~..^#
#####.@.§§#######~~### #~§.###
#### #####


You could see a hornet (unaware).

Vanquished Creatures
  Arachne (Spider:2)
  Rupert (Lair:5)
  Frances (D:14)
  A sphinx (D:14)
  Gastronok (D:12)
  Agnes (Spider:3)
  A tengu reaver (D:14)
  4 emperor scorpions
  4 ghost moths
  Louise (D:15)
  A stone giant (D:15)
  A minotaur (Gauntlet)
  Azrael (D:15)
  4 spark wasps
  Snorg (D:10)
  An ettin (D:14)
  2 entropy weavers
  5 hydras
  Harold (Lair:2)
  An ogre mage (D:15)
  2 centaur warriors
  3 catoblepae (Lair:4)
  Erica (D:8)
  8 vault guards (D:14)
  5 jorogumos
  A radroach (Spider:4)
  5 boulder beetles
  9 two-headed ogres
  Urug (D:14)
  5 tengu warriors
  3 orc high priests (Orc:2)
  A thrashing horror (Gauntlet)
  Nergalle (D:11)
  3 skysharks
  A fire crab (Gauntlet)
  Lodul (D:13)
  The ghost of Qolen the Frost Mage, a novice OgIE of the Shining One (D:7)
  7 pharaoh ants
  A goliath frog (Lair:5)
  2 sun moths
  8 orb spiders
  A bog body (Lair:2)
  A lindwurm (Lair:5)
  6 steelbarb worms
  A necromancer (IceCv)
  The ghost of middlethird the Basher, a novice VSMo of the Shining One (D:8)
  A phantasmal warrior (D:14)
  An oklob plant (D:9)
  A deep elf zephyrmancer (D:14)
  6 orc knights
  11 ugly things (D:14)
  5 orc sorcerers (Orc:2)
  25 wolf spiders
  2 manticores
  A deep elf pyromancer (D:13)
  9 cyclopes
  A moth of wrath (Spider:4)
  3 black mambas
  A smoke demon (Gauntlet)
  8 demonic crawlers
  An ice statue (IceCv)
  5 torpor snails
  A guardian serpent (D:11)
  3 elephants (Lair:3)
  A gargoyle (D:13)
  A komodo dragon (shapeshifter) (D:14)
  3 tengu conjurers
  2 unseen horrors
  A spectral unseen horror (D:7)
  22 cane toads
  4 komodo dragons
  8 freezing wraiths
  An unseen horror zombie (D:7)
  An anaconda simulacrum (IceCv)
  10 ice devils (IceCv)
  A tyrant leech (Lair:5)
  3 meliai (D:15)
  A queen bee (D:15)
  2 queen bees (shapeshifter) (D:15)
  4 hornets
  A red devil (Gauntlet)
  A polar bear (Lair:1)
  23 tarantellas
  A hornet (shapeshifter) (D:13)
  8 trolls
  Prince Ribbit (Lair:1)
  31 blink frogs
  15 dream sheep
  27 jumping spiders
  18 culicivoras
  Sigmund (D:6)
  8 slime creatures (D:12)
  A shadow (D:11)
  5 wyverns
  A spriggan (D:14)
  2 dire elephant simulacra (IceCv)
  A wraith (D:12)
  Grum (Lair:1)
  4 basilisks
  44 yaks
  6 fire elementals (D:15)
  16 humans (D:14)
  4 death yak simulacra (IceCv)
  4 fire bats (Gauntlet)
  2 steam dragons
  53 redbacks
  16 vampire mosquitoes
  A harpy simulacrum (IceCv)
  7 wargs
  4 acid dragons
  2 hydra simulacra (IceCv)
  14 water moccasins
  2 hell hounds (D:15)
  26 orc warriors
  A black bear (D:5)
  3 sky beasts
  An ice beast (D:5)
  11 ogres
  15 wolves
  7 centaurs
  2 kobold brigands
  20 bullfrogs
  4 gnoll sergeants
  5 cane toad simulacra (IceCv)
  3 scorpions
  4 small abominations (Gauntlet)
  10 wights
  18 killer bees
  3 elephant simulacra (IceCv)
  An oklob sapling (D:9)
  4 electric eels
  5 howler monkeys
  4 crimson imps (Gauntlet)
  The ghost of Psyclone the Conjurer, a weakling OpCj (D:3)
  2 jellies
  A centaur zombie (D:7)
  A gnoll bouda (D:5)
  4 hounds
  18 orc priests
  A sleepcap (D:4)
  6 iguanas
  Crazy Yiuf (D:2)
  21 orc wizards
  A troll simulacrum (IceCv)
  12 hell rats
  5 polar bear simulacra (IceCv)
  3 wolf simulacra (IceCv)
  3 nameless horrors
  8 mummies (Ossuary)
  A howler monkey skeleton (D:7)
  24 gnolls
  16 adders
  2 naga simulacra (IceCv)
  17 white imps
  2 ufetubi
  5 dart slugs
  73 orcs
  8 bats
  6 endoplasms
  2 giant cockroaches
  10 goblins
  2 hobgoblins
  17 jackals
  2 quokkas
  12 ball pythons
  5 frilled lizards
  A gnoll zombie (Ossuary)
  3 hobgoblin zombies (Ossuary)
  16 kobolds
  3 kobold zombies (Ossuary)
  An orc zombie (Ossuary)
  4 rats
  A rat zombie (D:5)
1056 creatures vanquished.

Notes
Turn   | Place    | Note
-------+----------+-------------------------------------------
     0 | D:1      | jfcaron the Gnoll Brigand began the quest for the Orb.
     0 | D:1      | Reached XP level 1. HP: 20/20 MP: 1/1
   107 | D:1      | Reached XP level 2. HP: 25/26 MP: 2/2
   241 | D:1      | Learned a level 1 spell: Summon Small Mammal
   922 | D:2      | Reached XP level 3. HP: 28/31 MP: 2/4
   928 | D:2      | Reached skill level 1 in Invocations
  1028 | D:2      | Reached skill level 1 in Long Blades
  1028 | D:2      | Reached skill level 1 in Axes
  1028 | D:2      | Reached skill level 1 in Maces & Flails
  1028 | D:2      | Reached skill level 1 in Polearms
  1028 | D:2      | Reached skill level 1 in Staves
  1028 | D:2      | Reached skill level 1 in Ranged Weapons
  1028 | D:2      | Reached skill level 1 in Armour
  1028 | D:2      | Reached skill level 1 in Shields
  1028 | D:2      | Reached skill level 1 in Unarmed Combat
  1028 | D:2      | Reached skill level 1 in Spellcasting
  1028 | D:2      | Reached skill level 1 in Evocations
  1083 | D:2      | Reached XP level 4. HP: 38/38 MP: 5/5
  1214 | D:2      | Reached skill level 1 in Conjurations
  1214 | D:2      | Reached skill level 1 in Hexes
  1214 | D:2      | Reached skill level 1 in Summonings
  1214 | D:2      | Reached skill level 1 in Necromancy
  1214 | D:2      | Reached skill level 1 in Translocations
  1214 | D:2      | Reached skill level 1 in Transmutations
  1214 | D:2      | Reached skill level 1 in Fire Magic
  1214 | D:2      | Reached skill level 1 in Ice Magic
  1214 | D:2      | Reached skill level 1 in Air Magic
  1214 | D:2      | Reached skill level 1 in Earth Magic
  1214 | D:2      | Reached skill level 1 in Poison Magic
  1453 | D:2      | Identified the +5 falchion of Cheibriados {flame, +Blink
                  | Stlth+}
  1844 | D:2      | Found a runed translucent door.
  1845 | D:2      | Noticed Crazy Yiuf
  1856 | D:2      | Killed Crazy Yiuf
  1857 | D:2      | Reached XP level 5. HP: 43/43 MP: 7/7
  2374 | D:3      | Found Biffuon's Distillery.
  2382 | D:3      | Bought a potion of heal wounds for 60 gold pieces
  2382 | D:3      | Bought a potion of curing for 36 gold pieces
  2388 | D:3      | Found a runed translucent gate.
  2388 | D:3      | Found a runed translucent gate.
  2388 | D:3      | Found an opulent altar of Gozag.
  2388 | D:3      | Found a runed translucent gate.
  2389 | D:3      | Noticed Psyclone's ghost (weakling OpCj)
  2457 | D:3      | Found a broken altar of Ashenzari.
  2945 | D:3      | Killed Psyclone's ghost
  2946 | D:3      | Reached XP level 6. HP: 17/50 MP: 3/8
  3082 | D:3      | Became a worshipper of Gozag Ym Sagoz the Greedy
  3094 | D:3      | Bought a potion of mutation for 96 gold pieces
  3094 | D:3      | Bought a potion of attraction for 36 gold pieces
  3143 | D:4      | Reached skill level 5 in Fighting
  3143 | D:4      | Reached skill level 5 in Short Blades
  3143 | D:4      | Reached skill level 5 in Throwing
  3237 | D:4      | Reached skill level 2 in Evocations
  3590 | D:4      | Reached XP level 7. HP: 56/56 MP: 8/10
  4366 | D:3      | Bought a potion of haste for 120 gold pieces
  4418 | D:5      | Entered Level 5 of the Dungeon
  4418 | D:5      | Found a shimmering altar of Xom.
  4458 | D:5      | Found a sand-covered staircase.
  4470 | Ossuary  | Entered an ossuary
  4804 | D:3      | Bought a potion of heal wounds for 60 gold pieces
  4804 | D:3      | Bought a potion of resistance for 120 gold pieces
  4804 | D:3      | Bought 2 potions of ambrosia for 192 gold pieces
  5171 | D:5      | Reached skill level 3 in Evocations
  5171 | D:5      | Reached XP level 8. HP: 63/63 MP: 12/12
  5192 | D:5      | Learned a level 1 spell: Apportation
  5852 | D:6      | Noticed Sigmund
  5978 | D:6      | Killed Sigmund
  6296 | D:7      | Reached skill level 4 in Evocations
  6296 | D:7      | Reached XP level 9. HP: 69/69 MP: 11/15
  6329 | D:7      | Found a runed translucent gate.
  6330 | D:7      | Found a runed translucent gate.
  6331 | D:7      | Found a runed translucent gate.
  6406 | D:7      | Found an opulent altar of Gozag.
  6554 | D:7      | Reached skill level 5 in Dodging
  6638 | D:7      | Found a staircase to the Ecumenical Temple.
  6811 | D:7      | Reached skill level 5 in Invocations
  6865 | D:7      | Noticed Qolen's ghost (novice OgIE)
  6866 | D:7      | Noticed a spectral unseen horror
  6905 | D:8      | Noticed a two-headed ogre
  6915 | D:8      | Killed a two-headed ogre
  7058 | D:8      | Reached skill level 5 in Long Blades
  7058 | D:8      | Reached skill level 5 in Axes
  7058 | D:8      | Reached skill level 5 in Maces & Flails
  7058 | D:8      | Reached skill level 5 in Polearms
  7058 | D:8      | Reached skill level 5 in Staves
  7058 | D:8      | Reached skill level 5 in Ranged Weapons
  7058 | D:8      | Reached skill level 5 in Armour
  7058 | D:8      | Reached skill level 5 in Shields
  7058 | D:8      | Reached skill level 5 in Unarmed Combat
  7058 | D:8      | Reached skill level 5 in Spellcasting
  7058 | D:8      | Reached skill level 5 in Evocations
  7058 | D:8      | Reached XP level 10. HP: 77/77 MP: 17/17
  7138 | D:8      | Noticed Erica
  7154 | D:8      | Killed Erica
  7772 | D:8      | Noticed middlethird's ghost (novice VSMo)
  7773 | D:8      | Found a runed translucent gate.
  7773 | D:8      | Noticed a nine-headed hydra
  7774 | D:8      | Found a runed translucent gate.
  7774 | D:8      | Found a runed translucent gate.
  8376 | D:9      | Found a blossoming altar of Fedhas.
  8376 | D:9      | Noticed a two-headed ogre
  8387 | D:9      | Killed a two-headed ogre
  8388 | D:9      | Reached skill level 5 in Conjurations
  8388 | D:9      | Reached skill level 5 in Hexes
  8388 | D:9      | Reached skill level 5 in Summonings
  8388 | D:9      | Reached skill level 5 in Necromancy
  8388 | D:9      | Reached skill level 5 in Translocations
  8388 | D:9      | Reached skill level 5 in Transmutations
  8388 | D:9      | Reached skill level 5 in Fire Magic
  8388 | D:9      | Reached skill level 5 in Ice Magic
  8388 | D:9      | Reached skill level 5 in Air Magic
  8388 | D:9      | Reached skill level 5 in Earth Magic
  8388 | D:9      | Reached skill level 5 in Poison Magic
  8388 | D:9      | Reached skill level 6 in Evocations
  8388 | D:9      | Reached XP level 11. HP: 68/85 MP: 13/20
  8755 | D:9      | Reached skill level 10 in Stealth
  8885 | D:9      | Found a shimmering blue altar of Sif Muna.
  9181 | D:10     | Entered Level 10 of the Dungeon
  9607 | D:10     | Noticed Snorg
  9634 | D:10     | Killed Snorg
  9902 | D:10     | Noticed a +0 dagger
  9904 | D:10     | Found a hide-covered altar of Uskayaw.
  9904 | D:10     | Noticed a +0 hand axe
 10249 | D:11     | Noticed Nergalle
 10280 | D:11     | Killed Nergalle
 10789 | D:11     | Found a staircase to the Lair.
 10841 | D:11     | Noticed a two-headed ogre
 10855 | D:11     | Killed a two-headed ogre
 10856 | D:11     | Reached skill level 7 in Evocations
 10944 | D:11     | Reached XP level 12. HP: 94/94 MP: 20/22
 11029 | D:11     | Found Ystiopn's Demolitions Depot.
 11055 | D:11     | Bought a manual of Evocations for 1360 gold pieces
 11055 | D:11     | Bought a wand of mindburst (4) for 95 gold pieces
 11315 | D:11     | HP: 17/94 [poisoned by a guardian serpent (bolt of poison)]
 11320 | D:11     | HP: 16/94 [guardian serpent/bolt of poison (10)]
 11715 | D:11     | Bought a lightning rod (4/4) for 510 gold pieces
 11765 | Lair:1   | Entered Level 1 of the Lair of Beasts
 12076 | Lair:1   | Noticed Grum
 12135 | Lair:1   | HP: 9/94 [cane toad (10)]
 12540 | Lair:1   | Noticed Prince Ribbit
 12556 | Lair:1   | Killed Prince Ribbit
 12575 | Lair:1   | Reached skill level 8 in Evocations
 12982 | Lair:1   | Killed Grum
 13542 | Lair:2   | Found a frozen archway.
 13587 | IceCv    | Entered an ice cave
 13816 | IceCv    | HP: 19/95 [polar bear simulacrum (14)]
 14725 | IceCv    | Found an ancient bone altar of Kikubaaqudgha.
 14728 | IceCv    | Reached skill level 9 in Evocations
 14728 | IceCv    | Reached XP level 13. HP: 101/101 MP: 25/25
 15081 | IceCv    | Learned a level 3 spell: Call Canine Familiar
 15085 | IceCv    | Learned a level 3 spell: Summon Guardian Golem
 15584 | Lair:2   | Noticed Harold
 15621 | Lair:2   | Killed Harold
 15888 | Lair:2   | Reached skill level 10 in Evocations
 16162 | Lair:2   | Found a hole to the Spider Nest.
 16572 | Lair:2   | Found a staircase to the Swamp.
 16999 | Lair:3   | Reached skill level 10 in Fighting
 16999 | Lair:3   | Reached skill level 10 in Short Blades
 16999 | Lair:3   | Reached skill level 10 in Throwing
 17385 | D:11     | Bought a manual of Conjurations for 1360 gold pieces
 18358 | Lair:3   | Reached XP level 14. HP: 110/110 MP: 21/27
 18410 | Lair:3   | Identified the +8 long sword "Misih" {chaos, rPois Will+}
 18905 | Lair:4   | Reached skill level 10 in Invocations
 19062 | Lair:4   | Learned a level 2 spell: Passwall
 19364 | Lair:4   | Reached skill level 11 in Evocations
 19680 | Lair:4   | HP: 21/111 [catoblepas (17)]
 20782 | Lair:4   | Noticed Nessos
 20784 | Lair:4   | Nessos changed into Nessos the entropy weaver
 20784 | Lair:4   | Noticed Nessos
 20802 | Lair:4   | Killed Nessos the entropy weaver
 20921 | Lair:5   | Entered Level 5 of the Lair of Beasts
 21134 | Lair:5   | Found a viscous altar of Jiyva.
 21134 | Lair:5   | Found a staircase to the Slime Pits.
 21198 | Lair:5   | Reached skill level 10 in Dodging
 21864 | Lair:5   | Identified the +0 pearl dragon scales of the Lost Knives
                  | {Rampage rN+ rCorr Str+3}
 21864 | Lair:5   | Noticed Rupert
 21873 | Lair:5   | Killed Rupert
 22160 | Lair:5   | Reached skill level 12 in Evocations
 22386 | Lair:5   | Reached skill level 10 in Long Blades
 22386 | Lair:5   | Reached skill level 10 in Axes
 22386 | Lair:5   | Reached skill level 10 in Maces & Flails
 22386 | Lair:5   | Reached skill level 10 in Polearms
 22386 | Lair:5   | Reached skill level 10 in Staves
 22386 | Lair:5   | Reached skill level 10 in Ranged Weapons
 22386 | Lair:5   | Reached skill level 10 in Armour
 22386 | Lair:5   | Reached skill level 10 in Shields
 22386 | Lair:5   | Reached skill level 10 in Unarmed Combat
 22386 | Lair:5   | Reached skill level 10 in Spellcasting
 22495 | Lair:5   | Identified the +8 war axe "Ebres" {heavy, rF+ rN+ Str+2
                  | Int-2}
 23003 | D:7      | Killed Qolen's ghost
 23159 | D:8      | Killed middlethird's ghost
 23160 | D:8      | Reached XP level 15. HP: 113/118 MP: 25/29
 23496 | D:9      | Learned a level 3 spell: Swiftness
 23581 | D:12     | Found a staircase to the Orcish Mines.
 23819 | D:12     | Noticed Gastronok
 23832 | D:12     | Killed Gastronok
 24642 | Orc:1    | Entered Level 1 of the Orcish Mines
 25457 | Orc:2    | Entered Level 2 of the Orcish Mines
 25533 | Orc:2    | Paralysed by an orc sorcerer for 2 turns
 25750 | Orc:2    | Found a staircase to the Elven Halls.
 25846 | Orc:2    | Found Isini Omu's Antique Weapon Shoppe.
 25874 | Orc:2    | Reached skill level 10 in Conjurations
 26124 | Orc:2    | Found Meagy's Assorted Antiques.
 26595 | Orc:2    | Found Suegh's Magic Scroll Shoppe.
 26597 | Orc:2    | Found Dufyefuw's Assorted Antiques.
 26599 | Orc:2    | Found Asomaval's Distillery.
 26646 | Orc:2    | Bought a potion of heal wounds for 80 gold pieces
 26646 | Orc:2    | Bought a potion of heal wounds for 80 gold pieces
 26669 | Orc:2    | Bought a scroll of acquirement for 624 gold pieces
 26669 | Orc:2    | Bought a scroll of blinking for 90 gold pieces
 26670 | Orc:2    | Acquired 411 gold pieces
 26673 | Orc:2    | Bought a scroll of fear for 48 gold pieces
 26673 | Orc:2    | Bought a scroll of teleportation for 36 gold pieces
 26673 | Orc:2    | Bought a scroll of teleportation for 36 gold pieces
 26673 | Orc:2    | Bought a scroll of poison for 48 gold pieces
 26673 | Orc:2    | Bought a scroll of silence for 114 gold pieces
 26673 | Orc:2    | Bought a scroll of magic mapping for 90 gold pieces
 26673 | Orc:2    | Bought a scroll of immolation for 48 gold pieces
 26675 | Orc:2    | Bought a potion of haste for 160 gold pieces
 26675 | Orc:2    | Bought a potion of cancellation for 128 gold pieces
 26675 | Orc:2    | Bought a potion of curing for 48 gold pieces
 26683 | Orc:2    | Bought a potion of might for 88 gold pieces
 26683 | Orc:2    | Bought a wand of iceblast (5) for 264 gold pieces
 26683 | Orc:2    | Bought a scroll of teleportation for 66 gold pieces
 26685 | Orc:2    | Bought a blackened trident for 229 gold pieces
 26685 | Orc:2    | Identified the +8 trident "Funal" {freeze, rCorr} (You
                  | bought it in a shop on level 2 of the Orcish Mines)
 26691 | Orc:2    | Bought a translucent morningstar for 243 gold pieces
 26691 | Orc:2    | Identified the +5 morningstar of Xukaef {freeze, Fragile
                  | +Blink rN+ Stlth+} (You bought it in a shop on level 2 of
                  | the Orcish Mines)
 26768 | Orc:2    | Bought a potion of invisibility for 224 gold pieces
 26903 | D:13     | Noticed Lodul
 26915 | D:13     | Reached skill level 13 in Evocations
 26926 | D:13     | Killed Lodul
 26984 | D:13     | Found a gate leading to a gauntlet.
 27000 | Gauntlet | Entered a Gauntlet
 27000 | Gauntlet | Found a transporter.
 27066 | Gauntlet | Found a transporter.
 27081 | Gauntlet | Found a transporter.
 27086 | Gauntlet | Found a transporter.
 27101 | Gauntlet | Found a transporter.
 27120 | Gauntlet | Found a transporter.
 27132 | Gauntlet | Found a transporter.
 27144 | Gauntlet | Found a transporter.
 27156 | Gauntlet | Found a transporter.
 27168 | Gauntlet | Found a transporter.
 27185 | Gauntlet | Found a transporter.
 27202 | Gauntlet | Found a transporter.
 27204 | Gauntlet | Found a transporter.
 27204 | Gauntlet | Found the ring of the Mage {Wiz Archmagi}
 27231 | Gauntlet | Found a transporter.
 27233 | Gauntlet | Found a transporter.
 27235 | Gauntlet | Found a transporter.
 27264 | Gauntlet | Found a transporter.
 27266 | Gauntlet | Found a transporter.
 27483 | Gauntlet | Learned a level 4 spell: Dispel Undead
 27489 | Gauntlet | Learned a level 5 spell: Freezing Cloud
 27499 | Gauntlet | Learned a level 5 spell: Summon Forest
 27505 | Gauntlet | Learned a level 5 spell: Summon Mana Viper
 27592 | Gauntlet | Identified the ring of Darkness {Int+3 Dex+6 Stlth+}
 27894 | Gauntlet | Got the Opusculum on Anathema
 27894 | Gauntlet | Got the Anthology of the Missiles
 27995 | D:13     | Found a one-way gate to the infinite horrors of the Abyss.
 27995 | D:13     | Noticed Loabri's ghost (journeyman MeFi)
 27996 | D:13     | Identified the amulet of Fatigue {Reflect rPois rC+++ Str+2
                  | Dex-4 SH+5}
 28267 | D:13     | Found a transporter.
 28277 | D:13     | Found a transporter.
 28842 | D:14     | Noticed Urug
 28842 | D:14     | Found a gate to the Vaults.
 28852 | D:14     | Killed Urug
 28958 | D:14     | Reached XP level 16. HP: 110/127 MP: 14/30
 29475 | D:14     | Learned a level 3 spell: Tukima's Dance
 30040 | D:14     | Noticed Frances
 30040 | D:14     | Found the +9 sword of Power {lifebolt}
 30040 | D:14     | Noticed a sphinx
 30043 | D:14     | Noticed a tengu reaver
 30047 | D:14     | Killed a sphinx
 30049 | D:14     | Killed Frances
 30049 | D:14     | Killed a tengu reaver
 30050 | D:14     | Reached skill level 14 in Evocations
 30622 | D:15     | Entered Level 15 of the Dungeon
 30856 | D:15     | Noticed Louise
 30867 | D:15     | Killed Louise
 30890 | D:15     | Noticed Azrael
 30898 | D:15     | Killed Azrael
 31067 | D:15     | Found an ornate altar of the Wu Jian Council.
 32044 | D:15     | Found a staircase to the Depths.
 32377 | Spider:1 | Entered Level 1 of the Spider Nest
 32439 | Spider:1 | HP: 9/129 [disintegration (21)]
 33570 | Spider:1 | Reached XP level 17. HP: 133/135 MP: 18/32
 33790 | Spider:1 | Found a runed translucent door.
 33791 | Spider:1 | Found a shimmering altar of Xom.
 33791 | Spider:1 | Noticed SirLogeyBear's ghost (adept HOBe)
 33817 | Spider:1 | Found the +5 Storm Queen's Shield {shock, Fly rElec}
 34153 | Spider:2 | Noticed Arachne
 34168 | Spider:2 | Killed Arachne
 34169 | Spider:2 | Reached skill level 10 in Hexes
 34169 | Spider:2 | Reached skill level 10 in Summonings
 34169 | Spider:2 | Reached skill level 10 in Necromancy
 34169 | Spider:2 | Reached skill level 10 in Translocations
 34169 | Spider:2 | Reached skill level 10 in Transmutations
 34169 | Spider:2 | Reached skill level 10 in Fire Magic
 34169 | Spider:2 | Reached skill level 10 in Ice Magic
 34169 | Spider:2 | Reached skill level 10 in Air Magic
 34169 | Spider:2 | Reached skill level 10 in Earth Magic
 34169 | Spider:2 | Reached skill level 10 in Poison Magic
 34970 | Spider:2 | Reached skill level 15 in Evocations
 36277 | Spider:3 | Noticed Agnes
 36284 | Spider:3 | Killed Agnes
 37467 | Spider:4 | Entered Level 4 of the Spider Nest
 38633 | Spider:4 | Acquired 870 gold pieces
 38899 | Spider:4 | Reached XP level 18. HP: 143/143 MP: 0/34
 39385 | Spider:4 | Reached skill level 16 in Evocations
 39385 | Spider:4 | HP: 14/143 [spore (31)]
 39385 | Spider:4 | Killed by an exploding emperor scorpion... ignited by their
                  | inner flame

Illustrated notes

Levels and vault maps discovered:
D:1:      minmay_arrival_plants_in_alcoves, layout_basic
D:2:      layout_loops_cross, nicolae_eternal_life, uniq_crazy_yiuf_cottage
D:3:      wad_crossroads, layout_loops_ring, mainiacjoe_overflow_paths,
          ebering_ghost_gozag, serial_shops, shop, chequers_hall_statues_y
D:4:      layout_gridville, grunt_ministairs_8
D:5:      layout_rooms, brannock_xom_greatest_gift, enter_ossuary_3,
          mrwooster_statue_mirror, kennysheep_big_empty_room
D:6:      layout_cave_pools, kennysheep_generic_room_8, uniq_sigmund
D:7:      layout_cave_pools, nicolae_gozag_cash_rules_everything_around_me,
          minmay_temple_entry_crystal_x, gammafunk_ghost_necromancy
D:8:      layout_loops_ring, gammafunk_ghost_hydra_chop, uniq_erica
D:9:      layout_roguey, mainiacjoe_overflow_chevrons,
          nicolae_overflow_hidden_temple, introduction_to_nature_2
D:10:     layout_rooms, dancing_weapons_uskayaw, dk_noncrumbling_4, uniq_snorg
D:11:     layout_roguey, minmay_lair_entry_grove, nicolae_blasting_shop,
          nrook_guardian_serpent_ordinary, uniq_nergalle
D:12:     layout_rooms, david_orc_3, hangedman_abyss_or_decor_clamps,
          lemuel_freeze_loot_1, uniq_gastronok
D:13:     layout_basic, gauntlet_entry_generic, gammafunk_ghost_abyssal_escape,
          uniq_lodul
D:14:     minmay_guarded_unrand_sword_of_power, layout_basic, david_vaults_3,
          the_hattery, uniq_frances
D:15:     grunt_enter_depths_snipers, layout_loops_cross,
          pdpol_wu_jian_five_deadly_venoms, nicolae_looking_at_the_future,
          uniq_louise, uniq_azrael
Lair:1:   layout_cellular_growth, uniq_grum, uniq_prince_ribbit2
Lair:2:   layout_regular_city, skrybe_swamp_entry_bodies,
          nicolae_spider_entry_lesser_pyramids, portal_ice_cave_entry_imps,
          serial_forest, infiniplex_forest_corner_1,
          infiniplex_forest_end_double, infiniplex_forest_lined_2,
          infiniplex_forest_lined_corner, infiniplex_forest_lined_4_way,
          infiniplex_forest_end_2, infiniplex_forest_clump_curved,
          chequers_serial_rivers_micro_a, serial_bayou_shore_b, uniq_harold
Lair:3:   layout_layer_cave
Lair:4:   layout_layer_cave, lemuel_fruit_tree, uniq_nessos
Lair:5:   minmay_lair_end_frog_pond, layout_regular_city, slime_entry_1,
          uniq_rupert
Spider:1: layout_spider_delve, ebering_ghost_xom
Spider:2: layout_spider_delve, nicolae_spider_nook, uniq_arachne
Spider:3: layout_spider_delve, uniq_agnes
Spider:4: spider_rune_water, nicolae_spider_world_wide_web
Orc:1:    layout_caves
Orc:2:    st_orc_elflike, layout_caves, serial_shops, shop

Skill      XL: |  1  2  3  4  5  6  7  8  9 10 11 12 13 14 15 16 17 18 |
---------------+-------------------------------------------------------+-----
Invocations    | 1 2 3 4 5 6 7 9 10 11 12 13 | 13.6
Long Blades    | 1 2 3 4 5 6 7 8 9 10 11 12 | 12.5
Axes           | 1 2 3 4 5 6 7 8 9 10 11 12 | 12.5
Maces & Flails | 1 2 3 4 5 6 7 8 9 10 11 12 | 12.5
Polearms       | 1 2 3 4 5 6 7 8 9 10 11 12 | 12.5
Staves         | 1 2 3 4 5 6 7 8 9 10 11 12 | 12.5
Ranged Weapons | 1 2 3 4 5 6 7 8 9 10 11 12 | 12.5
Armour         | 1 2 3 4 5 6 7 8 9 10 11 12 | 12.5
Shields        | 1 2 3 4 5 6 7 8 9 10 11 12 | 12.5
Unarmed Combat | 1 2 3 4 5 6 7 8 9 10 11 12 | 12.5
Spellcasting   | 1 2 3 4 5 6 7 8 9 10 11 12 | 12.5
Evocations     | 1 2 3 4 5 6 7 9 10 12 13 14 15 16 | 16.0
Conjurations   | 1 2 3 4 5 6 7 9 10 11 12 | 12.9
Hexes          | 1 2 3 4 5 6 7 8 9 10 | 10.6
Summonings     | 1 2 3 4 5 6 7 8 9 10 | 10.6
Necromancy     | 1 2 3 4 5 6 7 8 9 10 | 10.6
Translocations | 1 2 3 4 5 6 7 8 9 10 | 10.6
Transmutations | 1 2 3 4 5 6 7 8 9 10 | 10.6
Fire Magic     | 1 2 3 4 5 6 7 8 9 10 | 10.6
Ice Magic      | 1 2 3 4 5 6 7 8 9 10 | 10.6
Air Magic      | 1 2 3 4 5 6 7 8 9 10 | 10.6
Earth Magic    | 1 2 3 4 5 6 7 8 9 10 | 10.6
Poison Magic   | 1 2 3 4 5 6 7 8 9 10 | 10.6
Dodging        | 3 4 5 6 7 8 9 10 11 12 | 12.8
Stealth        | 8 9 10 11 12 13 14 | 14.6
Fighting       | 5 6 7 8 9 10 11 12 13 | 13.3
Short Blades   | 5 6 7 8 9 10 11 12 13 | 13.3
Throwing       | 5 6 7 8 9 10 11 12 13 | 13.3

Action                     |  1- 3 |  4- 6 |  7- 9 | 10-12 | 13-15 | 16-18 || total
---------------------------+-------+-------+-------+-------+-------+-------++-------
  Melee: Dagger            |    73 |    34 |       |       |       |       ||   107
         Bite              |     7 |    17 |    16 |   109 |   208 |    90 ||   447
         Punch             |     1 |     1 |     6 |       |       |       ||     8
         Falchion          |       |   130 |   196 |   572 |   874 |       ||  1772
         Trident           |       |       |       |    75 |   197 |   716 ||   988
         Scimitar          |       |       |       |    91 |   141 |       ||   232
         War axe           |       |       |       |       |    16 |     4 ||    20
  Throw: Dart              |    17 |    15 |    11 |    70 |    78 |    15 ||   206
         Stone             |       |    13 |    19 |    23 |       |       ||    55
         Boomerang         |       |       |   108 |   125 |   112 |    30 ||   375
         Throwing net      |       |       |       |     1 |       |     1 ||     2
         Javelin           |       |       |       |     2 |     7 |     1 ||    10
   Cast: Summon Small Mamm |       |     5 |    33 |   120 |    89 |       ||   247
         Apportation       |       |       |       |     1 |       |       ||     1
         Call Canine Famil |       |       |       |       |    80 |    23 ||   103
         Summon Guardian G |       |       |       |       |    61 |     4 ||    65
         Freezing Cloud    |       |       |       |       |     4 |    96 ||   100
         Summon Mana Viper |       |       |       |       |       |    10 ||    10
         Summon Forest     |       |       |       |       |       |     1 ||     1
Ability: Evoke Blink       |       |       |       |       |     2 |       ||     2
  Evoke: Wand              |       |       |       |    19 |     7 |     2 ||    28
         Lightning rod     |       |       |       |     9 |    18 |    17 ||    44
         Tin of tremorston |       |       |       |       |     3 |     4 ||     7
         Phantom mirror    |       |       |       |       |       |     1 ||     1
    Use: Scroll            |       |    13 |     6 |     6 |     8 |     4 ||    37
         Potion            |       |       |       |     6 |     5 |     1 ||    12
   Stab: Sleeping          |     4 |    18 |    10 |     4 |    10 |     5 ||    51
         Distracted        |       |     1 |     2 |    11 |    23 |     9 ||    46
         Held in net/web   |       |       |       |       |       |     1 ||     1
 Armour: Robe              |    11 |       |       |       |       |       ||    11
         Leather armour    |    14 |    47 |    36 |       |       |       ||    97
         Ring mail         |       |       |    24 |   274 |   259 |       ||   557
         Pearl dragon scal |       |       |       |       |   240 |   368 ||   608
  Dodge: Dodged            |    42 |    91 |   165 |   561 |   891 |   235 ||  1985
  Block: Kite shield       |       |       |    40 |   463 |   846 |   589 ||  1938
         Reflection        |       |       |       |       |     1 |     6 ||     7

Table legend: (Time is in decaauts)
 A = Elapsed time spent in this place.
 B = Non-inter-level travel time spent in this place.
 C = Inter-level travel time spent in this place.
 D = Time resting spent in this place.
 E = Time spent auto-exploring this place.
 F = Levels seen in this place.
 G = Mean time per level.
                   A        B        C        D        E       F      G
               +--------+--------+--------+--------+--------+-----+--------+
         Total |  39395 |  36152 |   3243 |   6333 |  21215 |  29 | 1358.4 |
       Dungeon |  18388 |  16349 |   2039 |   1771 |  10760 |  15 | 1225.9 |
          Lair |   9418 |   8626 |    792 |   1738 |   4842 |   5 | 1883.6 |
   Spider Nest |   6569 |   6364 |    205 |   1132 |   4227 |   4 | 1642.2 |
  Orcish Mines |   2004 |   1798 |    206 |    393 |    894 |   2 | 1002.0 |
       Ossuary |    238 |    238 |      0 |      0 |    134 |   1 |  238.0 |
      Ice Cave |   1855 |   1855 |      0 |   1003 |    129 |   1 | 1855.0 |
      Gauntlet |    919 |    919 |      0 |    295 |    228 |   1 |  919.0 |
               +--------+--------+--------+--------+--------+-----+--------+

Top non-repeatable levels by time:
  Lair:4: 2264 daAuts
  Lair:2: 2146 daAuts
    D:11: 2100 daAuts
Spider:3: 1974 daAuts
   IceCv: 1855 daAuts
  Lair:1: 1747 daAuts
    D:14: 1676 daAuts
  Lair:5: 1660 daAuts
Spider:2: 1650 daAuts
    D:15: 1623 daAuts
  Lair:3: 1599 daAuts
Spider:1: 1475 daAuts
Spider:4: 1468 daAuts
     D:9: 1465 daAuts
     D:3: 1459 daAuts

Table legend:
 A = Kills in this place as a percentage of kills in the entire game.
 B = Kills by you in this place as a percentage of kills by you in the entire game.
 C = Kills by friends in this place as a percentage of kills by friends in the entire game.
 D = Other kills in this place as a percentage of other kills in the entire game.
 E = Experience gained in this place as a percentage of experience gained in the entire game.
 F = Experience gained in this place divided by the number of levels of this place that you have seen.
                   A       B       C       D       E      F
               +-------+-------+-------+-------+-------+----------------------
         Total | 100.0 | 100.0 | 100.0 | 100.0 | 100.0 | 8784.4
       Dungeon |  42.6 |  45.3 |  25.8 |  22.5 |  33.6 | 5698.2
          Lair |  19.3 |  15.5 |  33.9 |  56.3 |  21.4 | 10891.4
   Spider Nest |  19.5 |  21.4 |  14.5 |   0.0 |  33.8 | 21520.0
  Orcish Mines |  10.6 |   9.3 |  22.6 |  16.9 |   5.6 | 7100.5
       Ossuary |   1.5 |   1.7 |   0.0 |   0.0 |   0.1 | 153.0
      Ice Cave |   4.9 |   5.2 |   1.6 |   2.8 |   3.8 | 9685.0
      Gauntlet |   1.6 |   1.6 |   1.6 |   1.4 |   1.8 | 4699.0
               +-------+-------+-------+-------+-------+----------------------

Levels and vault maps discovered:
D:1:      minmay_arrival_plants_in_alcoves, layout_basic
D:2:      layout_loops_cross, nicolae_eternal_life, uniq_crazy_yiuf_cottage
D:3:      wad_crossroads, layout_loops_ring, mainiacjoe_overflow_paths,
          ebering_ghost_gozag, serial_shops, shop, chequers_hall_statues_y
D:4:      layout_gridville, grunt_ministairs_8
D:5:      layout_rooms, brannock_xom_greatest_gift, enter_ossuary_3,
          mrwooster_statue_mirror, kennysheep_big_empty_room
D:6:      layout_cave_pools, kennysheep_generic_room_8, uniq_sigmund
D:7:      layout_cave_pools, nicolae_gozag_cash_rules_everything_around_me,
          minmay_temple_entry_crystal_x, gammafunk_ghost_necromancy
D:8:      layout_loops_ring, gammafunk_ghost_hydra_chop, uniq_erica
D:9:      layout_roguey, mainiacjoe_overflow_chevrons,
          nicolae_overflow_hidden_temple, introduction_to_nature_2
D:10:     layout_rooms, dancing_weapons_uskayaw, dk_noncrumbling_4, uniq_snorg
D:11:     layout_roguey, minmay_lair_entry_grove, nicolae_blasting_shop,
          nrook_guardian_serpent_ordinary, uniq_nergalle
D:12:     layout_rooms, david_orc_3, hangedman_abyss_or_decor_clamps,
          lemuel_freeze_loot_1, uniq_gastronok
D:13:     layout_basic, gauntlet_entry_generic, gammafunk_ghost_abyssal_escape,
          uniq_lodul
D:14:     minmay_guarded_unrand_sword_of_power, layout_basic, david_vaults_3,
          the_hattery, uniq_frances
D:15:     grunt_enter_depths_snipers, layout_loops_cross,
          pdpol_wu_jian_five_deadly_venoms, nicolae_looking_at_the_future,
          uniq_louise, uniq_azrael
Lair:1:   layout_cellular_growth, uniq_grum, uniq_prince_ribbit2
Lair:2:   layout_regular_city, skrybe_swamp_entry_bodies,
          nicolae_spider_entry_lesser_pyramids, portal_ice_cave_entry_imps,
          serial_forest, infiniplex_forest_corner_1,
          infiniplex_forest_end_double, infiniplex_forest_lined_2,
          infiniplex_forest_lined_corner, infiniplex_forest_lined_4_way,
          infiniplex_forest_end_2, infiniplex_forest_clump_curved,
          chequers_serial_rivers_micro_a, serial_bayou_shore_b, uniq_harold
Lair:3:   layout_layer_cave
Lair:4:   layout_layer_cave, lemuel_fruit_tree, uniq_nessos
Lair:5:   minmay_lair_end_frog_pond, layout_regular_city, slime_entry_1,
          uniq_rupert
Spider:1: layout_spider_delve, ebering_ghost_xom
Spider:2: layout_spider_delve, nicolae_spider_nook, uniq_arachne
Spider:3: layout_spider_delve, uniq_agnes
Spider:4: spider_rune_water, nicolae_spider_world_wide_web
Orc:1:    layout_caves
Orc:2:    st_orc_elflike, layout_caves, serial_shops, shop
